 Dungeon Crawl Stone Soup version 0.21.1-1-g345015f (webtiles) character file.

49 Fortress the Conjurer (level 3, -3/26 HPs)
             Began as a Draconian Conjurer on June 16, 2018.
             Slain by a gnoll
             ... wielding a +0 flail
              (4 damage)
             ... on level 2 of the Dungeon.
             The game lasted 00:05:35 (1094 turns).

Fortress the Conjurer (Draconian Conjurer)          Turns: 1094, Time: 00:05:36

Health: -3/26      AC:  5    Str: 10    XL:     3   Next: 51%
Magic:  1/6        EV:  6    Int: 16    God:
Gold:   50         SH:  0    Dex: 11    Spells: 5/6 levels left

rFire    . . .     SeeInvis .   d - +0 hand axe
rCold    . . .     Gourm    .   (no shield)
rNeg     . . .     Faith    .   (armour unavailable)
rPois    .         Spirit   .   (helmet restricted)
rElec    .         Reflect  .   (no cloak)
rCorr    .         Harm     .   (no gloves)
MR       .....                  (no boots)
Stlth    ++........             (no amulet)
HPRegen  0.08/turn              (no ring)
MPRegen  0.10/turn              (no ring)

@: held
A: unfitting armour, cold-blooded, AC +5
a: no special abilities


You were on level 2 of the Dungeon.
You were hungry.

You visited 1 branch of the dungeon, and saw 2 of its levels.

You collected 50 gold pieces.

Inventory:

Hand Weapons
 d - a +0 hand axe (weapon)
 k - a +0 hunting sling
Missiles
 c - 9 poisoned needles
 j - 46 stones (quivered)
Scrolls
 e - a scroll of remove curse {unknown}
 g - 2 scrolls of identify {unknown}
 h - a scroll of enchant armour {unknown}
Potions
 i - 3 potions of heal wounds {unknown}
Books
 a - a book of Conjurations

   Spells                             Type                      Level
   a - Magic Dart                     Conjuration                  1
   b - Searing Ray                    Conjuration                  2
   c - Dazzling Spray                 Conjuration/Hexes            3
   d - Fulminant Prism                Conjuration/Hexes            4
   e - Force Lance                    Conjuration/Translocation    4
   f - Iskenderun's Mystic Blast      Conjuration                  4
Comestibles
 b - 2 rations


   Skills:
 + Level 1.0 Axes
 - Level 1.8 Dodging
 - Level 1.8 Stealth
 + Level 2.1 Spellcasting
 + Level 5.0 Conjurations


You had 5 spell levels left.
You knew the following spells:

 Your Spells              Type           Power        Failure   Level  Hunger
a - Magic Dart            Conj           ###.         2%          1    #......


Dungeon Overview and Level Annotations

Branches:
Dungeon (2/15)

Altars:


Innate Abilities, Weirdness & Mutations

Your plain brown scales are hard. (AC +5)
You cannot fit into any form of body armour.
You are cold-blooded and may be slowed by cold attacks.


Message History

Casting: Magic Dart
Confirm with . or Enter, or press ? or * to list all spells.
Aiming: Magic Dart
Press: ? - help, Shift-Dir - straight line, f/p - gnoll
Aim: a gnoll, wielding a flail (heavily wounded)
The magic dart hits the gnoll.
The gnoll is severely wounded.
The gnoll hits you with a flail!
You tear a large gash into the net.
The gnoll hits you with a flail!
* * * LOW HITPOINT WARNING * * *
You can't do that while held in a net.
Casting: Magic Dart
Confirm with . or Enter, or press ? or * to list all spells.
Aiming: Magic Dart
Press: ? - help, Shift-Dir - straight line, f/p - gnoll
Aim: a gnoll, wielding a flail (severely wounded)
The magic dart hits the gnoll.
The gnoll is severely wounded.
The gnoll hits you with a flail.
You die...

#.# #.# #.
###.####.
#.....##.
#.....##.####
#.....#.....###
#.....#.#.....
#..)..#.#...#
###÷###.##@#
##.###.##g#
##...##÷##.#######
#.................
##...#############
##.## ###


You could see a gnoll.

Vanquished Creatures
  A gnoll (D:2)
  An adder (D:2)
  A dart slug (D:1)
  2 leopard geckos (D:1)
  4 bats
  2 giant cockroaches (D:1)
  3 goblins (D:1)
  3 hobgoblins
  2 kobolds (D:1)
  2 ball pythons
  2 frilled lizards (D:1)
  4 rats
27 creatures vanquished.

Notes
Turn   | Place    | Note
-------+----------+-------------------------------------------
     0 | D:1      | Fortress the Draconian Conjurer began the quest for the Orb.
     0 | D:1      | Reached XP level 1. HP: 14/14 MP: 3/3
    83 | D:1      | Reached XP level 2. HP: 13/20 MP: 0/5
   596 | D:1      | Reached skill level 1 in Axes
   864 | D:2      | Reached XP level 3. HP: 26/26 MP: 0/6
   929 | D:2      | Reached skill level 5 in Conjurations
  1093 | D:2      | HP: 1/26 [gnoll/flail (9)]
  1094 | D:2      | Slain by a gnoll

Skill      XL: |  1  2  3 |
---------------+----------+-----
Axes           | 1 |  1.0
Conjurations   | 5 |  5.0
Dodging        | |  1.8
Stealth        | |  1.8
Spellcasting   | |  2.1

Action                   || total
-------------------------++-------
Melee: Hand axe          ||    41
       Tailslap          ||     2
 Cast: Magic Dart        ||    48
  Eat: Chunk             ||     1
Armor: Skin              ||    14
Dodge: Dodged            ||    36
